 Dungeon Crawl Stone Soup version 0.17.0-28-g6e173f8 (webtiles) character file.

92 septik the Poker (level 4, -6/35 HPs)
             Began as a Merfolk Abyssal Knight on Nov 28, 2015.
             Was a Believer of Lugonu.
             Killed by nerve-wracking pain
             ... invoked by an orc priest
              (13 damage)
             ... on level 3 of the Dungeon.
             The game lasted 00:08:24 (2774 turns).

septik the Poker (Merfolk Abyssal Knight)           Turns: 2774, Time: 00:08:24

Health: -6/35      AC:  3    Str: 12    XL:     4   Next: 60%
Magic:  5/5        EV: 12    Int: 11    God:    Lugonu [**....]
Gold:   108        SH:  0    Dex: 14    Spells: 0 memorised, 3 levels left

rFire  . . .     SeeInvis .     a - +1 spear
rCold  . . .     Clarity  .     b - +0 leather armour
rNeg   + . .     SustAt   +     (no shield)
rPois  .         Gourm    .     (no helmet)
rElec  .         Spirit   .     (no cloak)
rCorr  .         Warding  .     (no gloves)
rMut   .         Stasis   .     (no boots)
MR     .....                    (no amulet)
Stlth  +.........               p - ring of positive energy
                                g - ring of sustain attributes

@: not resistant to hostile enchantments, very unstealthy
A: change form in water, swift swim
a: Depart the Abyss, Bend Space, Renounce Religion


You were on level 3 of the Dungeon.
You worshipped Lugonu.
Lugonu was pleased with you.
You were not hungry.

You visited 1 branch of the dungeon, and saw 3 of its levels.
You visited the Abyss 1 time.

You collected 108 gold pieces.

Inventory:

Hand Weapons
 a - a +1 spear (weapon)
Missiles
 d - 19 poisoned needles
 e - 97 stones (quivered)
 u - 4 needles of slowing
Armour
 b - a +0 leather armour (worn)
Jewellery
 g - a ring of sustain attributes (left hand)
 p - a ring of positive energy (right hand)
Scrolls
 f - a scroll of enchant armour {unknown}
 j - 2 scrolls of amnesia {unknown}
 l - a scroll of recharging {unknown}
 m - a scroll of teleportation {unknown}
 n - a scroll of immolation {unknown}
 o - a scroll of remove curse {unknown}
 q - a scroll of enchant weapon {unknown}
 s - 2 scrolls of fog {unknown}
Potions
 h - 2 potions of haste {unknown}
 k - 2 potions of poison {unknown}
 r - a potion of degeneration {unknown}
 t - a potion of heal wounds {unknown}
 v - 2 potions of brilliance {unknown}
Comestibles
 c - 4 bread rations
 i - 3 meat rations
 w - a beef jerky
 x - a chunk of flesh


   Skills:
 - Level 3.2 Fighting
 + Level 6.8 Polearms
 - Level 0.6 Armour
 - Level 2.6 Dodging
 - Level 2.0 Invocations


You had 3 spell levels left.
You didn't know any spells.

Dungeon Overview and Level Annotations

Branches:
Dungeon (3/15)

Altars:
Fedhas
Ru
Vehumet


Message History

Attack whom?
Press: ? - help, Dir - move target cursor, f/p - orc priest
Aim: an orc priest, wielding a falchion and wearing a ring mail (lightly wounded)
You hit the orc priest.
The orc priest is lightly wounded.
The orc priest hits you but does no damage.
Attack whom?
Press: ? - help, Dir - move target cursor, f/p - orc priest
Aim: an orc priest, wielding a falchion and wearing a ring mail (lightly wounded)
You hit the orc priest.
The orc priest is heavily wounded.
Attack whom?
Press: ? - help, Dir - move target cursor, f/p - orc priest
Aim: an orc priest, wielding a falchion and wearing a ring mail (heavily wounded)
You barely miss the orc priest.
The orc priest is heavily wounded.
The orc hits you but does no damage.
The orc priest invokes the aid of Beogh against you.
Pain shoots through your body!
You die...

..........######.#.# #.
##.........# #.#.# #. #.......#.#
#.#.#############. ##.......#.##
#.#...............
.........#..####.################
.........#.....#..oo....##.....#
..########...#.#.######o##.....##
..# #.#.#...o.# #o##....... ###
#.#..##@#.# #.##.....## #
#......o#.# #)##.....# #
####....#.####.##.....# #
#......o..o.##.....# #
##...........##.....# #
####...........#######'## #
#..........##### #...#
####.##.......# #...+
#........<....# #######...#


You could see an orc priest and an orc.

Vanquished Creatures
  3 adders
  An ooze (D:2)
  4 worms
  An orc (D:3)
  5 bats
  A giant cockroach (D:2)
  4 hobgoblins
  5 kobolds
  A ball python (D:1)
  2 giant geckos (D:3)
  6 giant newts
  10 goblins
  8 rats
51 creatures vanquished.

Vanquished Creatures (others)
  A giant newt (D:2)
1 creature vanquished.

Grand Total: 52 creatures vanquished

Notes
Turn   | Place    | Note
--------------------------------------------------------------
     0 | Abyss:1  | septik the Merfolk Abyssal Knight began the quest for the Orb.
     0 | Abyss:1  | Reached XP level 1. HP: 18/18 MP: 2/2
    93 | Abyss:1  | Noticed an iron imp
    94 | D:1      | Escaped the Abyss
   235 | D:1      | Reached * piety under Lugonu
   334 | D:1      | Reached skill level 4 in Polearms
   334 | D:1      | Reached XP level 2. HP: 24/24 MP: 3/3
  1051 | D:2      | Found a sacrificial altar of Ru.
  1260 | D:2      | Reached skill level 5 in Polearms
  1260 | D:2      | Reached XP level 3. HP: 16/29 MP: 4/4
  1425 | D:2      | Found a radiant altar of Vehumet.
  1791 | D:2      | Reached skill level 6 in Polearms
  1791 | D:2      | Reached XP level 4. HP: 32/35 MP: 5/5
  1962 | D:2      | Reached ** piety under Lugonu
  2167 | D:3      | Found a blossoming altar of Fedhas.
  2774 | D:3      | Killed from afar by an orc priest

Action                   |  1- 3 |  4- 6 || total
-------------------------+-------+-------++-------
Melee: Spear             |   132 |   112 ||   244
Invok: Depart the Abyss  |     1 |       ||     1
 Stab: Sleeping          |     1 |     2 ||     3
  Eat: Chunk             |     3 |     3 ||     6
